 Dungeon Crawl Stone Soup version 0.18-a0-1468-gaf180a1 (webtiles) character file.

4 glosham the Ducker (level 1, 0/11 HPs)
             Began as a Spriggan Monk on Mar 1, 2016.
             Slain by a giant gecko (3 damage)
             ... on level 2 of the Dungeon.
             The game lasted 00:01:24 (76 turns).

glosham the Ducker (Spriggan Monk)                    Turns: 76, Time: 00:01:24

Health: 0/11       AC:  2    Str:  7    XL:     1   Next: 58%
Magic:  2/2        EV: 20    Int: 11    God:
Gold:   0          SH:  0    Dex: 18    Spells: 0 memorised, 0 levels left

rFire  . . .     SeeInvis +       - Unarmed
rCold  . . .     Gourm    .     a - +0 robe
rNeg   . . .     Faith    .     (shield restricted)
rPois  .         Spirit   .     (helmet restricted)
rElec  .         Dismiss  .     (no cloak)
rCorr  .         Reflect  .     (gloves unavailable)
SustAt .         Harm     .     (boots unavailable)
MR     .....                    (no amulet)
Stlth  +++.......               (no ring)
                                (no ring)

@: very quick, not resistant to hostile enchantments, fairly stealthy
A: unfitting armour, see invisible, herbivore 3, speed 3, slow metabolism 2
a: no special abilities


You were on level 2 of the Dungeon.
You were not hungry.

You visited 1 branch of the dungeon, and saw 2 of its levels.

Inventory:

Armour
 a - a +0 robe (worn)
Comestibles
 b - a bread ration


   Skills:
 - Level 2.4 Fighting
 + Level 4.9 Dodging
 - Level 3.0 Stealth
 - Level 3.2 Unarmed Combat


You couldn't memorise any spells.
You didn't know any spells.

Dungeon Overview and Level Annotations

Branches:
Dungeon (2/15)

Altars:


Innate Abilities, Weirdness & Mutations

You are tiny and cannot use many weapons and most armour.
You have supernaturally acute eyesight.
You are an herbivore.
You cover ground extremely quickly.
You need consume almost no food.


Message History

The goblin is severely wounded.
The goblin completely misses you.
You hit the goblin but do no damage.
The goblin is severely wounded.
The goblin barely misses you.
You miss the goblin.
The goblin is severely wounded.
The goblin hits you with a club.
You hit the goblin.
You kill the goblin!
You hit the kobold but do no damage. The kobold hits you.
You closely miss the kobold. The kobold hits you.
You hit the kobold but do no damage. The kobold completely misses you.
You hit the kobold.
The kobold is heavily wounded.
The kobold hits you.
You hit the kobold.
You kill the kobold!
Things that are here:
a club; a goblin corpse A bat comes into view.
Found a stone staircase leading down.
You closely miss the bat. The bat misses you.
You hit the bat.
You kill the bat!
You see here a bat corpse.
There is a stone staircase leading down here.
You climb downwards.
A giant gecko comes into view.
Found a hand axe.
There is a stone staircase leading up here.
A kobold comes into view. It is wielding a dagger.
Found a robe.
Found 9 gold pieces.
Found a bubbling ruby potion.
The kobold shouts!
You hit the giant gecko.
The giant gecko is severely wounded.
The giant gecko bites you.
You die...

######
##########.....
##..<..##.....##
##..........K...##
#.).............!#
#.........@l.....#
...................
.##.................
#.................
#.................
##.......[........
##...$.##........
##...# ######...
#.## ..


You could see a giant gecko and a kobold.

Vanquished Creatures
  A bat (D:1)
  A goblin (D:1)
  A kobold (D:1)
  A rat (D:1)
4 creatures vanquished.

Notes
Turn   | Place    | Note
--------------------------------------------------------------
     0 | D:1      | glosham the Spriggan Monk began the quest for the Orb.
     0 | D:1      | Reached XP level 1. HP: 11/11 MP: 2/2
    76 | D:2      | Slain by a giant gecko

Vault maps used:
D:1:      dpeg_arrival_renting, hangedman_decor_points
D:2:      first_bread, wad_orctagon

Action                   || total
-------------------------++-------
Melee: Unarmed           ||    14

Table legend:
 A = Turns spent in this place as a percentage of turns spent in the entire game.
 B = Non-inter-level travel turns spent in this place as a percentage of non-inter-level travel turns spent in the entire game.
 C = Inter-level travel turns spent in this place as a percentage of turns spent in this place.
 D = Turns resting spent in this place as a percentage of non-inter-level travel turns spent in this place.
 E = Turns spent auto-exploring this place as a percentage of non-inter-level travel turns spent in this place.
 F = Non-inter-level travel turns spent in this place divided by the number of levels of this place that you've seen.
                   A       B       C       D       E      F
               +-------+-------+-------+-------+-------+----------------------
         Total | 100.0 | 100.0 |   0.0 |   0.0 |   0.0 |  34.5
       Dungeon | 100.0 | 100.0 |   0.0 |   0.0 |   0.0 |  34.5
               +-------+-------+-------+-------+-------+----------------------

Table legend:
 A = Kills in this place as a percentage of kills in entire the game.
 B = Kills by you in this place as a percentage of kills by you in the entire game.
 C = Kills by friends in this place as a percentage of kills by friends in the entire game.
 D = Other kills in this place as a percentage of other kills in the entire game.
 E = Experience gained in this place as a percentage of experience gained in the entire game.
 F = Experience gained in this place divided by the number of levels of this place that you have seen.
                   A       B       C       D       E      F
               +-------+-------+-------+-------+-------+----------------------
         Total | 100.0 | 100.0 |  -nan |  -nan | 100.0 |   3.5
       Dungeon | 100.0 | 100.0 |  -nan |  -nan | 100.0 |   3.5
               +-------+-------+-------+-------+-------+----------------------

Vault maps used:
D:1:      dpeg_arrival_renting, hangedman_decor_points
D:2:      first_bread, wad_orctagon
